 Dungeon Crawl Stone Soup version 0.27.1-4-g1640c2035a (webtiles) character file.

Game seed: 7573294630510503130

2259 MisterFreud the Nimble (level 9, -3/41 HPs)
             Began as a Felid Berserker on Nov 10, 2021.
             Was a Priest of Trog.
             Slain by a killer bee (6 damage)
             ... on level 7 of the Dungeon.
             The game lasted 00:06:27 (6909 turns).

MisterFreud the Nimble (Felid Berserker)            Turns: 6909, Time: 00:06:28

Health: -3/41      AC:  2    Str: 13    XL:     9   Next: 15%
Magic:  10/10      EV: 29    Int:  9    God:    Trog [***...]
Gold:   304        SH:  0    Dex: 24    Spells: 8/8 levels left
                                        Lives:  0   Deaths: 2

rFire    . . .     SeeInvis +     - Unarmed
rCold    . . .     Faith    .   (shield unavailable)
rNeg     . . .     Spirit   .   (armour unavailable)
rPois    .         Reflect  .   (helmet unavailable)
rElec    .         Harm     .   (cloak unavailable)
rCorr    +         Rampage  .   (gloves unavailable)
Will     +++..                  (boots unavailable)
Stlth    +++++.....             k - amulet of magic regeneration
HPRegen  1.13/turn              n - +6 ring of dexterity
MPRegen  0.37/turn              d - ring of resist corrosion

@: strong-willed, on berserk cooldown, regenerating, slowed, slow
A: very small, claws 1, fangs 3, see invisible, speed 1, shaggy fur 2, stealthy
paws, no weapons or thrown items, no armour, multi-lived
a: Renounce Religion, Berserk, Trog's Hand


You were on level 7 of the Dungeon.
You worshipped Trog.
Trog was most pleased with you.
You visited 1 branch of the dungeon, and saw 7 of its levels.

You collected 304 gold pieces.

Inventory:

Jewellery
 d - a ring of resist corrosion (right paw)
 k - an amulet of magic regeneration (around neck)
 l - a ring of fire
 m - a ring of protection from fire
 n - a +6 ring of dexterity (left paw)
Wands
 p - a wand of acid (13)
 r - a wand of digging (7)
 y - a wand of flame (33)
 z - a wand of polymorph (2)
Scrolls
 b - 11 scrolls of identify {unknown}
 c - 3 scrolls of magic mapping {unknown}
 g - a scroll of silence {unknown}
 j - 2 scrolls of fear {unknown}
 s - a scroll of enchant weapon {unknown}
 t - a scroll of summoning {unknown}
 u - 3 scrolls of vulnerability {unknown}
 w - 2 scrolls of amnesia {unknown}
Potions
 a - a potion of berserk rage {unknown}
 e - 6 potions of curing {unknown}
 f - 3 potions of lignification {unknown}
 h - a potion of ambrosia {unknown}
 i - 2 potions of magic {unknown}
 o - 2 potions of degeneration {unknown}
 q - 2 potions of flight {unknown}
 v - 3 potions of haste {unknown}
 x - 2 potions of might {unknown}
 A - a potion of attraction {unknown}


   Skills:
 + Level 5.7 Fighting
 + Level 11.6 Dodging
 + Level 9.2 Stealth
 + Level 7.8 Unarmed Combat


You had 8 spell levels left.
You didn't know any spells.
Your spell library was empty.

Dungeon Overview and Level Annotations

Branches:
Dungeon (7/15)             Temple (0/1) D:5

Altars:
Cheibriados
Wu Jian

Annotations:
D:7 Prince Ribbit


Innate Abilities, Weirdness & Mutations

You have sharp claws.
You have razor-sharp teeth.
You have supernaturally acute eyesight. (SInv)
You cover ground quickly. (Speed+)
You are covered in thick fur. (AC +2)
Your paws help you pounce on unaware monsters.
You are incapable of wielding weapons or throwing items.
You cannot wear armour.
You gain extra lives every three experience levels.


Message History

Trog accepts your kill.
Unknown command.
You barely miss the gnoll. Your bite misses the gnoll.
The gnoll completely misses you.
You mangle the killer bee!!
You kill the killer bee!
Trog accepts your kill.
You can now call in reinforcements.
You are no longer berserk.
You are exhausted.
You feel yourself slow down. The gnoll completely misses you.
Unknown command.
You scratch the killer bee.
You bite the killer bee, but do no damage.
The killer bee is moderately wounded.
The killer bee misses you. The killer bee completely misses you.
Prince Ribbit comes into view.
The gnoll hits you with a +0 spear. The killer bee stings you.
You are poisoned.
The killer bee poisons you!
You are too injured to fight recklessly!
Unknown command.
You feel sick.
The killer bee completely misses you. x2
The gnoll barely misses you.
You feel sick.
The killer bee completely misses you. x2
The gnoll completely misses you. The killer bee misses you.
Found a white potion.
You feel sick. The killer bee closely misses you.
You feel sick. The killer bee closely misses you.
The gnoll completely misses you.
Okay, then.
Unknown command.
Unknown command.
Your skin crawls.
You feel strong-willed.
You can no longer call in reinforcements.
You feel sick.
You are no longer poisoned.
The killer bee stings you!
* * * LOW HITPOINT WARNING * * *
The killer bee closely misses you. The killer bee stings you.
You die...

###.####.####.#
....####...#.)#...
#.....^..#.#)###!#
########.#)...##.#
...................
........#........##
...................
...............#.###
...............#@.#
..)............y#.#
#..............g#.##.#
#......).............#
#............).........
#.......#...†).†.....##
#.......######.......#
#..###### ##......#
..## #####...#


You could see a killer bee and a gnoll.

Vanquished Creatures
  A manticore (D:6)
  Maggie (D:7)
  A hornet (D:7)
  2 water moccasins
  An orc warrior (D:6)
  A hornet zombie (D:5)
  2 black bears
  3 ogres
  2 ice beasts
  A necrophage (D:5)
  A sky beast (D:6)
  2 centaurs
  A gnoll sergeant (D:7)
  2 bullfrogs (D:7)
  A water moccasin zombie (D:5)
  2 water moccasin skeletons (D:6)
  2 killer bees (D:7)
  A howler monkey (D:2)
  Crazy Yiuf (D:6)
  4 jellies
  An orc priest (D:5)
  A centaur skeleton (D:7)
  A hound (D:6)
  2 bullfrog skeletons (D:5)
  A gnoll shaman (D:5)
  2 iguanas
  An orc wizard (D:7)
  Ijyb (D:4)
  A howler monkey zombie (D:7)
  A howler monkey skeleton (D:7)
  5 adders
  2 gnolls (D:7)
  2 white imps
  2 ufetubi (D:4)
  An adder zombie (D:5)
  2 worms (D:2)
  2 dart slugs
  15 orcs
  4 bats
  3 endoplasms
  3 giant cockroaches
  7 goblins
  5 hobgoblins
  4 jackals
  4 quokkas
  8 ball pythons
  3 frilled lizards
  14 kobolds
  A rat (D:1)
131 creatures vanquished.

Vanquished Creatures (others)
  4 plants (D:2)
4 creatures vanquished.

Grand Total: 135 creatures vanquished

Notes
Turn   | Place    | Note
-------+----------+-------------------------------------------
     0 | D:1      | MisterFreud the Felid Berserker began the quest for the
                  | Orb.
     0 | D:1      | Reached XP level 1. HP: 10/10 MP: 2/2
    67 | D:1      | Reached skill level 1 in Stealth
   290 | D:1      | Found a faded altar of an unknown god.
   310 | D:1      | Reached XP level 2. HP: 13/14 MP: 3/3
  1112 | D:1      | Reached ** piety under Trog
  1385 | D:2      | Reached XP level 3. HP: 16/17 MP: 4/4
  1909 | D:2      | Reached XP level 4. HP: 21/21 MP: 5/5
  3035 | D:4      | Noticed an ogre
  3041 | D:4      | Killed an ogre
  3042 | D:4      | Reached skill level 5 in Stealth
  3042 | D:4      | Reached XP level 5. HP: 16/24 MP: 6/6
  3467 | D:4      | Found an ornate altar of the Wu Jian Council.
  3468 | D:4      | Found a snail-covered altar of Cheibriados.
  3525 | D:4      | Noticed Ijyb
  3533 | D:4      | Reached skill level 5 in Unarmed Combat
  3534 | D:4      | Killed Ijyb
  3703 | D:4      | Noticed an ogre
  3712 | D:4      | Killed an ogre
  3713 | D:4      | Gained mutation: You are covered in thick fur. (AC +2)
                  | [Felid growth]
  3713 | D:4      | Reached XP level 6. HP: 28/28 MP: 7/7
  3829 | D:4      | Reached *** piety under Trog
  4087 | D:5      | Entered Level 5 of the Dungeon
  4217 | D:5      | Noticed an ice beast
  4230 | D:5      | Killed an ice beast
  4231 | D:5      | Reached skill level 5 in Dodging
  4231 | D:5      | Reached XP level 7. HP: 27/31 MP: 8/8
  4395 | D:5      | Reached skill level 6 in Dodging
  4400 | D:5      | Reached skill level 7 in Dodging
  4422 | D:5      | Reached skill level 8 in Dodging
  4712 | D:5      | Reached skill level 9 in Dodging
  4769 | D:5      | Found a staircase to the Ecumenical Temple.
  4894 | D:5      | Reached XP level 8. HP: 30/34 MP: 9/9
  4985 | D:5      | Reached skill level 10 in Dodging
  5428 | D:6      | Noticed a manticore
  5444 | D:6      | Slain by a manticore
  5445 | D:6      | Reached XP level 7. HP: -1/46 MP: 8/8
  5462 | D:6      | Slain by a manticore
  5463 | D:6      | Reached XP level 6. HP: -5/28 MP: 7/7
  5511 | D:6      | Noticed an ice beast
  5518 | D:6      | Killed an ice beast
  5671 | D:6      | Reached XP level 7. HP: 31/31 MP: 8/8
  5687 | D:6      | Killed a manticore
  5690 | D:6      | Reached XP level 8. HP: 30/36 MP: 9/9
  5964 | D:6      | Found a runed translucent door.
  5965 | D:6      | Noticed Crazy Yiuf
  6162 | D:6      | Killed Crazy Yiuf
  6428 | D:7      | Reached skill level 11 in Dodging
  6503 | D:7      | Noticed Maggie
  6515 | D:7      | Killed Maggie
  6516 | D:7      | Reached skill level 5 in Fighting
  6614 | D:7      | Noticed a hornet
  6628 | D:7      | Killed a hornet
  6634 | D:7      | Reached XP level 9. HP: 24/40 MP: 10/10
  6903 | D:7      | Reached **** piety under Trog
  6904 | D:7      | Noticed Prince Ribbit
  6909 | D:7      | Slain by a killer bee

Illustrated notes

Levels and vault maps discovered:
D:1:      tarquinn_simple_flora_water_e, layout_basic,
          shapermc_ecumenical_altar_mp_urbaneastern
D:2:      cheibrodos_old_hovel, layout_rooms, minmay_indecisive_spiral
D:3:      layout_rooms
D:4:      layout_gridville, mainiacjoe_overflow_divided_tiny, uniq_ijyb
D:5:      layout_layer_cave, minmay_temple_entry_proselytizer,
          minmay_strange_pillars, minmay_fractal_squares_diagonal_5
D:6:      layout_gridville, uniq_crazy_yiuf_cottage
D:7:      layout_rooms, uniq_prince_ribbit1, uniq_maggie

Skill      XL: |  1  2  3  4  5  6  7  8  9 |
---------------+----------------------------+-----
Stealth        | 1 2 4 5 6 7 8 9 |  9.2
Unarmed Combat | 4 5 6 7 |  7.8
Dodging        | 5 9 11 | 11.6
Fighting       | 4 5 |  5.7

Action                   |  1- 3 |  4- 6 |  7- 9 || total
-------------------------+-------+-------+-------++-------
Melee: Unarmed           |    91 |   105 |   176 ||   372
       Bite              |    12 |    13 |    21 ||    46
       Punch             |     1 |     3 |     5 ||     9
Invok: Berserk           |     2 |     4 |    10 ||    16
       Trog's Hand       |       |       |     3 ||     3
 Stab: Sleeping          |     6 |    10 |    12 ||    28
       Distracted        |       |     1 |     2 ||     3
Armor: Skin              |     3 |     3 |     5 ||    11
Dodge: Dodged            |    66 |    58 |   162 ||   286
